 Dungeon Crawl Stone Soup version 0.31-a0-1612-g4aaf141004 (webtiles) character file.

Game seed: 1689787271168829244

11254 IndexError the Fighter (level 12, -9/86 (95) HPs)
             Began as a Djinni Conjurer on Jan 9, 2024.
             Was an Elder of Makhleb.
             Hit by a silver javelin thrown by a minotaur (28 damage)
             ... in a Gauntlet.
             The game lasted 00:33:18 (12651 turns).

IndexError the Fighter (Djinni Conjurer)           Turns: 12651, Time: 00:33:19

HP:   -9/86 (95)    AC:  6    Str:  6    XL:     12   Next: 5%
Gold: 410           EV: 15    Int: 28    God:    Makhleb [****..] SH:  0 Dex: 14

rFire   + + .        h - +1 war axe of In Flagrante Delicto {spect, ^Contam rPois Int+3}
rCold   + + .        (no shield)
rNeg    . . .        K - +0 troll leather armour {regen}
rPois   ∞            j - +1 helmet
rElec   .            (no cloak)
rCorr   +            N - +0 pair of gloves of Bitterness {+Inv}
SInv    +            (boots unavailable)
Will    +....        (no amulet)
Stlth   +            x - ring of protection from cold {rC+, !d}
HPRegen 1.14/turn    g - ring of Usebinoz {rC++ rCorr Dex+2 SInv Stlth-}
MPRegen 0.00/turn

%: no teleportation, infuse magic (-10 HP)
@: flying, drained
A: sickness immunity, fire resistance 2, cold vulnerability 1, float, innate
caster, HP casting, extra vitality 1
a: Renounce Religion, Evoke Invisibility, Minor Destruction, Lesser Servant of
Makhleb, Major Destruction


You were in a Gauntlet.
You worshipped Makhleb.
Makhleb was greatly pleased with you.
You visited 2 branches of the dungeon, and saw 12 of its levels.
You also visited: Ossuary and Gauntlet.

You collected 686 gold pieces.
You spent 276 gold pieces at shops.

Inventory:

Hand Weapons
 h - the +1 war axe of In Flagrante Delicto (weapon) {spect, ^Contam rPois Int+3}
   (You found it on level 2 of the Dungeon)

   Int+3:     It affects your intelligence (+3).
   rPois:     It protects you from poison ^Contam: It causes magical
   contamination when unequipped.
 P - a +3 rapier of electrocution
   (You found it on level 10 of the Dungeon)
Missiles
 w - a throwing net {=f, !d}
 J - a curare-tipped dart
Armour
 i - the +0 pair of gloves of Floral Surprise {rPois Str+3 Int-4}
   (You bought it in a shop on level 5 of the Dungeon)

   Str+3:     It affects your strength (+3).
   Int-4:     It affects your intelligence (-4).
   rPois:     It protects you from poison
 j - a +1 helmet (worn)
   (You found it on level 3 of the Dungeon)
 k - a +2 kite shield
   (You took it off a wight on level 5 of the Dungeon)
 t - the +1 ring mail of Loss {Rampage rCorr Str+3 Int-2}
   (You found it on level 4 of the Dungeon)

   Str+3:     It affects your strength (+3).
   Int-2:     It affects your intelligence (-2).
   rCorr:     It protects you from acid and corrosion.
   Rampage:   It bestows one free step when moving towards enemies.
 H - the +0 pair of gloves "Gikhlax" {Dex+3}
   (You found it in a Gauntlet)

   Dex+3:     It affects your dexterity (+3).
 K - a +0 troll leather armour (worn) {regen}
   (You found it on level 11 of the Dungeon)
 N - the +0 pair of gloves of Bitterness (worn) {+Inv}
   (You found it in a Gauntlet)

   +Inv:      It lets you turn invisible.
Magical Staves
 M - a staff of death {rN+}
   (You found it on level 9 of the Dungeon)
Jewellery
 g - the ring of Usebinoz (right hand) {rC++ rCorr Dex+2 SInv Stlth-}
   (You acquired it on level 6 of the Dungeon)

   [ring of see invisible]

   Dex+2:     It affects your dexterity (+2).
   rC++:      It greatly protects you from cold.
   SInv:      It lets you see invisible.
   rCorr:     It protects you from acid and corrosion.
   Stlth-:    It makes you less stealthy.
 x - a ring of protection from cold (left hand) {rC+, !d}
   (You bought it in a shop on level 5 of the Dungeon)
 z - a ring of ice {rC+, rF-}
   (You found it on level 6 of the Dungeon)
 F - a +6 ring of intelligence
   (You found it on level 7 of the Dungeon)
 Q - a ring of ice {rC+, rF-}
   (You found it on level 10 of the Dungeon)
Talismans
 a - the granite talisman "Orphis" {+Blink}
   (You found it on level 11 of the Dungeon)

   [granite talisman]

   +Blink:    It lets you blink.
Wands
 m - a wand of mindburst (19)
   (You found it on level 7 of the Dungeon)
 y - a wand of charming (3)
   (You found it on level 5 of the Dungeon)
 C - a wand of light (13)
   (You found it on level 7 of the Dungeon)
 D - a wand of digging (5)
   (You found it on level 7 of the Dungeon)
 G - a wand of flame (24)
   (You found it on level 8 of the Dungeon)
 I - a wand of polymorph (3)
   (You took it off a kobold on level 9 of the Dungeon)
 O - a wand of roots (8)
   (You found it on level 9 of the Dungeon)
Scrolls
 b - 2 scrolls of teleportation
 c - 6 scrolls of enchant armour
 d - a scroll of torment {!r}
 l - 2 scrolls of brand weapon
 n - a scroll of blinking {!r}
 A - 3 scrolls of vulnerability {!r!r}
 L - a scroll of silence
Potions
 e - 3 potions of degeneration {unknown}
 f - 2 potions of brilliance
 o - a potion of might
 p - 6 potions of heal wounds {unknown}
 q - a potion of curing
 r - 2 potions of lignification {!q}
 s - 3 potions of attraction {unknown}
 u - a potion of cancellation
 v - 2 potions of mutation {!q}
 B - 2 potions of enlightenment
Miscellaneous
 S - a phantom mirror
   (You found it in a Gauntlet)


   Skills:
 - Level 12.0 Fighting
 + Level 9.1 Dodging
 - Level 1.5 Stealth
 - Level 8.0 Spellcasting
 - Level 8.0 Conjurations
 - Level 8.0 Hexes
 - Level 8.0 Summonings
 - Level 8.0 Necromancy
 - Level 8.0 Translocations
 - Level 8.0 Fire Magic
 - Level 8.0 Ice Magic
 - Level 8.0 Air Magic
 - Level 8.0 Earth Magic
 - Level 8.0 Alchemy
 - Level 6.0 Invocations
 + Level 3.1 Evocations


You knew the following spells:

 Your Spells              Type           Power      Damage    Failure   Level
a - Magic Dart            Conj           100%       1d8       1%          1
b - Searing Ray           Conj           100%       2d8       1%          2
c - Fulminant Prism       Conj/Alch      27%        3d14      2%          4
d - Ensorcelled Hibernat  Hex/Ice        100%       N/A       1%          2
e - Jinxbite              Hex            100%       N/A       1%          2
f - Mephitic Cloud        Conj/Alch/Air  54%        N/A       1%          3
g - Apportation           Tloc           100%       N/A       1%          1
h - Summon Forest         Summ/Tloc      27%        N/A       8%          5
x - Iskenderun's Mystic   Conj/Tloc      54%        2d12      2%          4
Your spell library was empty.

Dungeon Overview and Level Annotations

Branches:
Dungeon (11/15)            Temple (1/1) D:5            Lair (0/5) D:9
    Orc (0/2) D:10        Ossuary (visited)         Gauntlet (1/1)

Altars:
Ashenzari
Cheibriados
Dithmenos
Elyvilon
Fedhas
Gozag
Hepliaklqana
Makhleb
Nemelex Xobeh
Okawaru
Qazlal
Ru
Trog
Uskayaw
Wu Jian
Xom
Yredelemnul
Zin
The Shining One

Shops:
D:3 ?   D:5 **=[   D:6 [

Annotations:
Gauntlet 6 transporters, 1 runed translucent door


Innate Abilities, Weirdness & Mutations

You are immune to sickness and miasma.
You are immune to poison.
Your flesh is very heat resistant. (rF++)
You are vulnerable to cold. (rC-)
You float through the air rather than walking.
You learn spells naturally, not from books.
Your magical power is your life essence.
You have superior vitality. (+4 MHP)


Message History

You take 3 damage, and have 83/86 hp.
The minotaur throws a silver javelin.
You hear a loud crackle.
You hear an explosion!
There is a fountain of clear blue water here.
Casting: Fulminant Prism (dangerous; 2% risk of failure)
Confirm with . or Enter, or press ? or * to list all spells.
Aiming: Fulminant Prism (dangerous; 2% risk of failure)
Press: ? - help, Dir - move target You conjure a prism of explosive energy!
A fulminant prism comes into view.
You take 3 damage, and have 82/86 hp.
Your fulminant prism crackles loudly.
You regained 2 hp, and now have 84/86 hp.
The blast of energy engulfs the minotaur!
Casting: Fulminant Prism (dangerous; 2% risk of failure)
Confirm with . or Enter, or press ? or * to list all spells.
Aiming: Fulminant Prism (dangerous; 2% risk of failure)
Press: ? - help, Dir - move target You conjure a prism of explosive energy!
A fulminant prism comes into view.
The minotaur throws a silver javelin.
The silver javelin pierces through you!!
You take 38 damage, and have 47/86 hp.
MASSIVE DAMAGE!!
You flicker for a moment.
Your fulminant prism crackles loudly.
You hear an explosion!
The blast of energy engulfs the minotaur!
Casting: Fulminant Prism (dangerous; 2% risk of failure)
Confirm with . or Enter, or press ? or * to list all spells.
Aiming: Mephitic Cloud (safe; 1% risk of failure)
Press: ? - help, Shift-Dir - straight line, f - minotaur
Aim: a minotaur, wearing a +0 plate armour and quivering silver javelins (moderately wounded, unable to see you, chance to affect: 34%)
The ball explodes into a vile cloud!
The stinking cloud engulfs the minotaur.
The minotaur is engulfed in noxious fumes.
You take 1 damage, and have 50/86 hp.
Casting: Mephitic Cloud (safe; 1% risk of failure)
Confirm with . or Enter, or press ? or * to list all spells.
Aiming: Searing Ray (safe; 1% risk of failure)
Press: ? - help, Shift-Dir - straight line, f/p - minotaur
Aim: a minotaur, wearing a +0 plate armour and quivering silver javelins (noxious fumes, moderately wounded, unable to see you, 92% to hit)
The searing ray hits the minotaur but does no damage. (Press . to maintain the ray.)
You flicker back into view.
The minotaur is engulfed in noxious fumes.
The minotaur throws a silver javelin.
The silver javelin completely misses you.
You take 1 damage, and have 49/86 hp.
The searing ray hits the minotaur!
The minotaur is engulfed in noxious fumes.
The searing ray hits the minotaur.
The minotaur hits you!!
* * * LOW HITPOINT WARNING * * *
The minotaur misses you.
You take 31 damage, and have 18/86 hp.
MASSIVE DAMAGE!!
The searing ray hits the minotaur but does no damage.
* * * LOW HITPOINT WARNING * * *
You finish channelling your searing ray.
The minotaur hits you!
* * * LOW HITPOINT WARNING * * *
The minotaur gores you but does no damage.
You take 9 damage, and have 9/86 hp.
Casting: Searing Ray (safe; 1% risk of failure)
Confirm with . or Enter, or press ? or * to list all spells.
You erupt in a blast of force!
The mystic blast hits the minotaur.
The minotaur is knocked back by the mystic blast.
* * * LOW HITPOINT WARNING * * *
You take 3 damage, and have 6/86 hp.
The minotaur is engulfed in noxious fumes.
It was a potion of curing.
You feel better. The minotaur misses you. The minotaur completely misses you.
You regained 9 hp, and now have 16/86 hp.
Aiming: Magic Dart (safe; 1% risk of failure)
Press: ? - help, Q - select action, (/) - cycle Shift-Dir - straight line, f/p - minotaur
Aim: a minotaur, wearing a +0 plate armour and quivering silver javelins (heavily wounded, 100% to hit)
Okay, then.
Blink to where?
Press: ? - help, Dir - move target, p - minotaur
As you read the scroll of blinking {!r}, it crumbles to dust.
You feel better.
You regained 8 hp, and now have 27/86 hp.
You feel better.
You regained 10 hp, and now have 37/86 hp.
You feel better.
You regained 6 hp, and now have 43/86 hp.
You feel better.
You regained 6 hp, and now have 49/86 hp.
The air fills with toxic fumes!
As you read the scroll of poison, it crumbles to dust.
You regained 2 hp, and now have 51/86 hp.
The minotaur is engulfed in poison gas.
The minotaur is poisoned.
The minotaur throws a silver javelin.
The silver javelin pierces through you!!!
* * * LOW HITPOINT WARNING * * *
x2 Your magical contamination has completely faded away.
You take 36 damage, and have 15/86 hp.
MASSIVE DAMAGE!!
The minotaur is engulfed in poison gas.
The minotaur looks as sick as possible!
The minotaur throws a silver javelin.
The silver javelin pierces through you!!
You die...

.⌠.⌠.©.©.⌠.⌠.⌠.#
................#
#.##.##.##.##.###
#. #.##.##.##.##
..........#
.##.##.##.#
.##.##.##.##§#
.........H§☼.#
#.###'#@##§### #
#.##.### #......#
##.##.## #.# .#
... .# .##.### ##
##


You could see a minotaur (extremely poisoned).

Vanquished Creatures
  A great orb of eyes (Gauntlet)
  A two-headed ogre (D:9)
  Pikel (D:8)
  An ugly thing (Gauntlet)
  An elephant (D:9)
  A torpor snail (Gauntlet)
  Psyche (D:8)
  A troll (D:11)
  A hornet (D:8)
  Sigmund (D:6)
  2 centaur simulacra (Gauntlet)
  A wraith (D:9)
  A wyvern (D:9)
  A vampire (D:10)
  11 yaks
  2 basilisks (D:9)
  A steam dragon (D:9)
  Eustachio (D:5)
  3 vampire mosquitoes (D:10)
  Menkaure (D:4)
  2 acid dragons
  4 water moccasins
  3 orc warriors
  A black bear (D:7)
  A meliai simulacrum (Gauntlet)
  2 ice beasts
  A centaur (D:8)
  2 lemures (D:8)
  4 ogres (D:6)
  A weeping skull (Ossuary)
  2 phantoms
  3 kobold brigands
  2 bullfrogs
  A gnoll sergeant (D:8)
  5 scorpions
  2 water moccasin zombies (Ossuary)
  7 wights
  4 killer bees (D:9)
  5 howler monkeys
  5 jellies
  2 bombardier beetles (D:4)
  A wyvern simulacrum (Gauntlet)
  2 hounds
  A spectral scorpion (Ossuary)
  2 orc priests
  2 sleepcaps
  4 iguanas
  4 orc wizards
  2 crocodile zombies (Ossuary)
  A boggart simulacrum (Gauntlet)
  2 mummies (Ossuary)
  7 gnolls
  7 adders
  A white imp (D:8)
  4 ufetubi (D:6)
  4 adder zombies (Ossuary)
  3 dart slugs
  27 orcs
  7 bats
  5 endoplasms
  3 giant cockroaches
  7 gnoll zombies (Ossuary)
  10 goblins
  5 hobgoblins
  7 quokkas
  4 ball pythons
  4 frilled lizards
  4 jackal zombies (Ossuary)
  17 kobolds
  5 orc zombies (Ossuary)
  8 rats
253 creatures vanquished.

Vanquished Creatures (others)
  2 orcs (D:3)
  A goblin (D:3)
  A hobgoblin (D:3)
  2 quokkas (D:3)
  A rat (D:3)
  61 fulminant prisms
68 creatures vanquished.

Grand Total: 321 creatures vanquished

Notes
Turn   | Place    | Note
-------+----------+-------------------------------------------
     0 | D:1      | IndexError the Djinni Conjurer began the quest for the Orb.
     0 | D:1      | IndexError set off with the following spells memorised:
                  | Magic Dart, Searing Ray, Fulminant Prism, Iskenderun's
                  | Mystic Blast.
     0 | D:1      | Reached XP level 1. HP: 15/15 MP: 0/0
   162 | D:1      | Reached XP level 2. HP: 20/22 MP: 0/0
   193 | D:1      | Reached skill level 1 in Fighting
   722 | D:1      | Reached XP level 3. HP: 26/28 MP: 0/0
   722 | D:1      | Learned a level 1 spell: Apportation
   992 | D:2      | Reached skill level 2 in Fighting
   996 | D:2      | Identified the +1 war axe of In Flagrante Delicto {spect,
                  | ^Contam rPois Int+3}
  1918 | D:3      | Reached XP level 4. HP: 33/34 MP: 0/0
  1934 | D:3      | Found Joam's Magic Scroll Shoppe.
  2040 | D:3      | Found a shimmering altar of Xom.
  2057 | D:3      | Reached skill level 3 in Fighting
  2057 | D:3      | Reached skill level 4 in Spellcasting
  2057 | D:3      | Reached skill level 4 in Conjurations
  2057 | D:3      | Reached skill level 4 in Hexes
  2057 | D:3      | Reached skill level 4 in Summonings
  2057 | D:3      | Reached skill level 4 in Necromancy
  2057 | D:3      | Reached skill level 4 in Translocations
  2057 | D:3      | Reached skill level 4 in Fire Magic
  2057 | D:3      | Reached skill level 4 in Ice Magic
  2057 | D:3      | Reached skill level 4 in Air Magic
  2057 | D:3      | Reached skill level 4 in Earth Magic
  2057 | D:3      | Reached skill level 4 in Alchemy
  2179 | D:3      | Found a faded altar of an unknown god.
  2293 | D:3      | Reached XP level 5. HP: 38/40 MP: 0/0
  2293 | D:3      | Learned a level 2 spell: Ensorcelled Hibernation
  2554 | D:3      | Found a snail-covered altar of Cheibriados.
  3124 | D:4      | Identified the +1 ring mail of Loss {Rampage rCorr Str+3
                  | Int-2}
  3135 | D:4      | Reached skill level 4 in Fighting
  3206 | D:4      | Reached XP level 6. HP: 37/48 MP: 0/0
  3258 | D:4      | Noticed Menkaure
  3264 | D:4      | Reached skill level 5 in Fighting
  3269 | D:4      | Killed Menkaure
  3270 | D:4      | Reached XP level 7. HP: 22/54 MP: 0/0
  3270 | D:4      | Learned a level 2 spell: Jinxbite
  3274 | D:4      | HP: 13/54 [burnt (1)]
  3279 | D:4      | HP: 6/55 [burnt (1)]
  3663 | D:5      | Entered Level 5 of the Dungeon
  3742 | D:5      | Found Ywialy's Jewellery Emporium.
  3824 | D:5      | Reached skill level 6 in Fighting
  3836 | D:5      | Reached skill level 5 in Spellcasting
  3836 | D:5      | Reached skill level 5 in Conjurations
  3836 | D:5      | Reached skill level 5 in Hexes
  3836 | D:5      | Reached skill level 5 in Summonings
  3836 | D:5      | Reached skill level 5 in Necromancy
  3836 | D:5      | Reached skill level 5 in Translocations
  3836 | D:5      | Reached skill level 5 in Fire Magic
  3836 | D:5      | Reached skill level 5 in Ice Magic
  3836 | D:5      | Reached skill level 5 in Air Magic
  3836 | D:5      | Reached skill level 5 in Earth Magic
  3836 | D:5      | Reached skill level 5 in Alchemy
  4031 | D:5      | Found a staircase to the Ecumenical Temple.
  4049 | Temple   | Entered the Ecumenical Temple
  4068 | Temple   | Became a worshipper of Makhleb the Destroyer
  4178 | D:5      | Found Wylad's Assorted Antiques.
  4185 | D:5      | Bought a runed agate ring for 105 gold pieces
  4332 | D:5      | Reached XP level 8. HP: 57/62 MP: 0/0
  4353 | D:5      | Found Gimoara's Armour Boutique.
  4475 | D:5      | Reached skill level 7 in Fighting
  4604 | D:5      | Found Quosa's Assorted Antiques.
  4764 | D:5      | Noticed Eustachio
  4782 | D:5      | Killed Eustachio
  4872 | D:5      | Reached skill level 8 in Fighting
  5011 | D:5      | Found an ornate altar of the Wu Jian Council.
  5092 | D:5      | You are sucked into a shaft and drop 1 floor!
  5296 | D:6      | Reached XP level 9. HP: 61/71 MP: 0/0
  5296 | D:6      | Learned a level 3 spell: Mephitic Cloud
  5326 | D:6      | Reached skill level 6 in Spellcasting
  5326 | D:6      | Reached skill level 6 in Conjurations
  5326 | D:6      | Reached skill level 6 in Hexes
  5326 | D:6      | Reached skill level 6 in Summonings
  5326 | D:6      | Reached skill level 6 in Necromancy
  5326 | D:6      | Reached skill level 6 in Translocations
  5326 | D:6      | Reached skill level 6 in Fire Magic
  5326 | D:6      | Reached skill level 6 in Ice Magic
  5326 | D:6      | Reached skill level 6 in Air Magic
  5326 | D:6      | Reached skill level 6 in Earth Magic
  5326 | D:6      | Reached skill level 6 in Alchemy
  5362 | D:6      | Noticed Sigmund
  5374 | D:6      | Killed Sigmund
  5375 | D:6      | Reached skill level 9 in Fighting
  5399 | D:6      | Found a sand-covered staircase.
  5404 | Ossuary  | Entered an ossuary
  5657 | Ossuary  | Reached * piety under Makhleb
  5924 | D:6      | Identified a scroll of acquirement
  5929 | D:6      | Acquired the ring of Usebinoz {rC++ rCorr Dex+2 SInv
                  | Stlth-}
  6108 | D:6      | Found a white marble altar of Elyvilon.
  6222 | D:6      | Found Vineshric's Antique Armour Emporium.
  6280 | D:5      | Bought a pair of warped gloves for 171 gold pieces
  6280 | D:5      | Identified the +0 pair of gloves of Floral Surprise {rPois
                  | Str+3 Int-4} (You bought it in a shop on level 5 of the
                  | Dungeon)
  6350 | D:5      | Found a basalt altar of Yredelemnul.
  6356 | D:5      | Found a glowing golden altar of the Shining One.
  6358 | D:5      | Noticed an angel
  6619 | D:6      | Reached skill level 10 in Fighting
  7205 | D:7      | Reached ** piety under Makhleb
  7540 | D:7      | Reached XP level 10. HP: 78/81 MP: 0/0
  7843 | D:7      | Reached skill level 7 in Spellcasting
  7843 | D:7      | Reached skill level 7 in Conjurations
  7843 | D:7      | Reached skill level 7 in Hexes
  7843 | D:7      | Reached skill level 7 in Summonings
  7843 | D:7      | Reached skill level 7 in Necromancy
  7843 | D:7      | Reached skill level 7 in Translocations
  7843 | D:7      | Reached skill level 7 in Fire Magic
  7843 | D:7      | Reached skill level 7 in Ice Magic
  7843 | D:7      | Reached skill level 7 in Air Magic
  7843 | D:7      | Reached skill level 7 in Earth Magic
  7843 | D:7      | Reached skill level 7 in Alchemy
  8143 | D:8      | Found a sacrificial altar of Ru.
  8201 | D:8      | Reached skill level 11 in Fighting
  8737 | D:8      | Noticed Psyche
  8746 | D:8      | Killed Psyche
  9323 | D:8      | Noticed Pikel
  9337 | D:8      | Killed Pikel
  9337 | D:8      | Reached *** piety under Makhleb
  9338 | D:8      | Reached skill level 12 in Fighting
  9338 | D:8      | Reached skill level 8 in Spellcasting
  9338 | D:8      | Reached skill level 8 in Conjurations
  9338 | D:8      | Reached skill level 8 in Hexes
  9338 | D:8      | Reached skill level 8 in Summonings
  9338 | D:8      | Reached skill level 8 in Necromancy
  9338 | D:8      | Reached skill level 8 in Translocations
  9338 | D:8      | Reached skill level 8 in Fire Magic
  9338 | D:8      | Reached skill level 8 in Ice Magic
  9338 | D:8      | Reached skill level 8 in Air Magic
  9338 | D:8      | Reached skill level 8 in Earth Magic
  9338 | D:8      | Reached skill level 8 in Alchemy
  9414 | D:8      | Reached skill level 1 in Invocations
  9681 | D:9      | Reached skill level 3 in Dodging
  9768 | D:9      | Reached skill level 2 in Invocations
  9791 | D:9      | Noticed a two-headed ogre
  9803 | D:9      | Reached skill level 4 in Dodging
  9803 | D:9      | Reached skill level 3 in Invocations
  9803 | D:9      | Reached XP level 11. HP: 81/89 MP: 0/0
  9803 | D:9      | Learned a level 5 spell: Summon Forest
  9816 | D:9      | Killed a two-headed ogre
  9817 | D:9      | Reached skill level 5 in Dodging
  9817 | D:9      | Reached skill level 4 in Invocations
  9863 | D:9      | Noticed an elephant
  9872 | D:9      | Killed an elephant
  9873 | D:9      | Reached skill level 6 in Dodging
  9873 | D:9      | Reached skill level 5 in Invocations
  9939 | D:9      | Found a staircase to the Lair.
 10535 | D:10     | Entered Level 10 of the Dungeon
 11173 | D:10     | Found a staircase to the Orcish Mines.
 11540 | D:10     | Reached **** piety under Makhleb
 11541 | D:10     | Reached skill level 7 in Dodging
 11541 | D:10     | Reached skill level 6 in Invocations
 11830 | D:11     | Found a gate leading to a gauntlet.
 11894 | D:11     | Identified the granite talisman "Orphis" {+Blink}
 11899 | Gauntlet | Entered a Gauntlet
 11899 | Gauntlet | Found a transporter.
 11899 | Gauntlet | Found a transporter.
 11899 | Gauntlet | Found a runed translucent door.
 11899 | Gauntlet | Found a runed translucent door.
 11904 | Gauntlet | Noticed a shining eye
 11920 | Gauntlet | Found a transporter.
 11932 | Gauntlet | Found a transporter.
 11940 | Gauntlet | Found a transporter.
 11944 | Gauntlet | Found a transporter.
 11948 | Gauntlet | Noticed a white ugly thing
 11949 | Gauntlet | Noticed a great orb of eyes
 11954 | Gauntlet | Found a transporter.
 11970 | Gauntlet | Noticed a death drake
 11973 | Gauntlet | Found a transporter.
 11987 | Gauntlet | Found a transporter.
 11999 | Gauntlet | Found a transporter.
 12003 | Gauntlet | Noticed a catoblepas
 12007 | Gauntlet | Found a transporter.
 12012 | Gauntlet | Found a transporter.
 12290 | Gauntlet | Reached skill level 8 in Dodging
 12311 | Gauntlet | Identified the +0 pair of gloves of Bitterness {+Inv}
 12341 | Gauntlet | Reached skill level 1 in Evocations
 12510 | Gauntlet | Killed a white ugly thing
 12511 | Gauntlet | Reached skill level 2 in Evocations
 12528 | Gauntlet | Killed a great orb of eyes
 12529 | Gauntlet | Reached skill level 9 in Dodging
 12529 | Gauntlet | Reached skill level 3 in Evocations
 12529 | Gauntlet | Reached XP level 12. HP: 41/95 MP: 0/0
 12600 | Gauntlet | Identified the +1 pair of boots of Past Mistakes {Int+2
                  | SInv Stlth+}
 12602 | Gauntlet | Identified the +0 pair of gloves "Gikhlax" {Dex+3}
 12617 | Gauntlet | Noticed a minotaur
 12633 | Gauntlet | HP: 18/86 [minotaur (31)]
 12646 | Gauntlet | HP: 15/86 [minotaur/silver javelin (37)]
 12651 | Gauntlet | Hit by a silver javelin thrown by a minotaur

Illustrated notes

Levels and vault maps discovered:
D:1:      lightli_arrival_statue_moat, layout_basic, st_stairs_6,
          chequers_serial_rivers_micro_a, chequers_serial_rivers_large_b
D:2:      layout_loops_ring
D:3:      layout_basic, xom_confusion_cloud, old_standard_altar,
          ebering_ecumenical_altar_rust, serial_shops, shop, serial_bayou_pond_d
D:4:      layout_basic, uniq_menkaure
D:5:      layout_basic, grunt_temple_overflow_holy_war,
          nzn_wu_jian_council_hall, minmay_temple_entry_tees, serial_shops,
          shop_statue, nicolae_shop_gaudy_bauble, shop, nicolae_shop_peninsula,
          sword_in_stone
D:6:      layout_basic, elyvilon_altar_1, nicolae_ossuary_entry_false_entrances,
          serial_shops, nicolae_shop_back_alley_shop, serial_glass,
          glass_columns_b, glass_columns_a, uniq_sigmund
D:7:      layout_loops_corners, mainiacjoe_overflow_alcove_2
D:8:      layout_basic, lemuel_coloured_pillars_altar, uniq_pikel, uniq_psyche
D:9:      layout_basic, david_lair_generic
D:10:     layout_loops_corners, orc_0_dummy,
          serial_library_hellmonk_recessed_alcove
D:11:     layout_roguey, gauntlet_entry_generic
Temple:   nicolae_temple_superstar
Gauntlet: minmay_gauntlet_77_indecision [minmay_gauntlet_arena_77_shame_cube,
          minmay_gauntlet_arena_77_terracotta_army,
          minmay_gauntlet_arena_77_double_cross, minmay_gauntlet_arena_77_mess,
          minmay_gauntlet_arena_77_chump_sandwich,
          minmay_gauntlet_arena_77_checkered, gauntlet_exit_green]

Skill      XL: |  1  2  3  4  5  6  7  8  9 10 11 |
---------------+----------------------------------+-----
Fighting       | 1 2 3 4 5 6 8 10 12 | 12.0
Spellcasting   | 4 5 6 8 |  8.0
Conjurations   | 4 5 6 8 |  8.0
Hexes          | 4 5 6 8 |  8.0
Summonings     | 4 5 6 8 |  8.0
Necromancy     | 4 5 6 8 |  8.0
Translocations | 4 5 6 8 |  8.0
Fire Magic     | 4 5 6 8 |  8.0
Ice Magic      | 4 5 6 8 |  8.0
Air Magic      | 4 5 6 8 |  8.0
Earth Magic    | 4 5 6 8 |  8.0
Alchemy        | 4 5 6 8 |  8.0
Invocations    | 3 6 |  6.0
Dodging        | 4 9 |  9.1
Evocations     | 3 |  3.1
Stealth        | |  1.5

Action                     |  1- 3 |  4- 6 |  7- 9 | 10-12 || total
---------------------------+-------+-------+-------+-------++-------
  Melee: War axe           |     7 |       |     1 |     9 ||    17
         Spear             |     4 |       |       |       ||     4
         Unarmed           |       |       |       |     1 ||     1
   Cast: Magic Dart        |    61 |    94 |    94 |    94 ||   343
         Searing Ray       |     1 |     4 |    33 |    46 ||    84
         Fulminant Prism   |       |       |    11 |    50 ||    61
         Iskenderun's Myst |       |       |    20 |    16 ||    36
         Mephitic Cloud    |       |       |       |     1 ||     1
Ability: Evoke Invisibilit |       |       |       |     1 ||     1
    Use: Scroll            |       |       |    13 |     7 ||    20
         Potion            |       |       |     3 |     5 ||     8
 Armour: Robe              |    11 |     4 |    53 |    60 ||   128
         Troll leather arm |       |       |       |    20 ||    20
         Skin              |       |       |       |     1 ||     1
  Dodge: Dodged            |     9 |     3 |    43 |    75 ||   130
         Form:             |       |       |       |     1 ||     1
         Statue            |       |       |       |     1 ||     1

Table legend: (Time is in decaauts)
 A = Elapsed time spent in this place.
 B = Non-inter-level travel time spent in this place.
 C = Inter-level travel time spent in this place.
 D = Time resting spent in this place.
 E = Time spent auto-exploring this place.
 F = Levels seen in this place.
 G = Mean time per level.
                   A        B        C        D        E       F      G
               +--------+--------+--------+--------+--------+-----+--------+
         Total |  12674 |  11521 |   1153 |     57 |   9525 |  14 |  905.3 |
       Dungeon |  11351 |  10234 |   1117 |     57 |   8722 |  11 | 1031.9 |
        Temple |     38 |      2 |     36 |      0 |      0 |   1 |   38.0 |
       Ossuary |    517 |    517 |      0 |      0 |    455 |   1 |  517.0 |
      Gauntlet |    767 |    767 |      0 |      0 |    348 |   1 |  767.0 |
               +--------+--------+--------+--------+--------+-----+--------+

Top non-repeatable levels by time:
     D:5: 1545 daAuts
     D:8: 1480 daAuts
     D:6: 1193 daAuts
     D:9: 1131 daAuts
     D:7: 1125 daAuts
     D:3: 1101 daAuts
    D:10: 1016 daAuts
     D:1: 971 daAuts
     D:4: 836 daAuts
     D:2: 828 daAuts
Gauntlet: 767 daAuts
 Ossuary: 517 daAuts
    D:11: 121 daAuts
  Temple: 38 daAuts

Levels and vault maps discovered:
D:1:      lightli_arrival_statue_moat, layout_basic, st_stairs_6,
          chequers_serial_rivers_micro_a, chequers_serial_rivers_large_b
D:2:      layout_loops_ring
D:3:      layout_basic, xom_confusion_cloud, old_standard_altar,
          ebering_ecumenical_altar_rust, serial_shops, shop, serial_bayou_pond_d
D:4:      layout_basic, uniq_menkaure
D:5:      layout_basic, grunt_temple_overflow_holy_war,
          nzn_wu_jian_council_hall, minmay_temple_entry_tees, serial_shops,
          shop_statue, nicolae_shop_gaudy_bauble, shop, nicolae_shop_peninsula,
          sword_in_stone
D:6:      layout_basic, elyvilon_altar_1, nicolae_ossuary_entry_false_entrances,
          serial_shops, nicolae_shop_back_alley_shop, serial_glass,
          glass_columns_b, glass_columns_a, uniq_sigmund
D:7:      layout_loops_corners, mainiacjoe_overflow_alcove_2
D:8:      layout_basic, lemuel_coloured_pillars_altar, uniq_pikel, uniq_psyche
D:9:      layout_basic, david_lair_generic
D:10:     layout_loops_corners, orc_0_dummy,
          serial_library_hellmonk_recessed_alcove
D:11:     layout_roguey, gauntlet_entry_generic
Temple:   nicolae_temple_superstar
Gauntlet: minmay_gauntlet_77_indecision [minmay_gauntlet_arena_77_shame_cube,
          minmay_gauntlet_arena_77_terracotta_army,
          minmay_gauntlet_arena_77_double_cross, minmay_gauntlet_arena_77_mess,
          minmay_gauntlet_arena_77_chump_sandwich,
          minmay_gauntlet_arena_77_checkered, gauntlet_exit_green]

Table legend: (Time is in decaauts)
 A = Elapsed time spent in this place.
 B = Non-inter-level travel time spent in this place.
 C = Inter-level travel time spent in this place.
 D = Time resting spent in this place.
 E = Time spent auto-exploring this place.
 F = Levels seen in this place.
 G = Mean time per level.
                   A        B        C        D        E       F      G
               +--------+--------+--------+--------+--------+-----+--------+
         Total |  12674 |  11521 |   1153 |     57 |   9525 |  14 |  905.3 |
       Dungeon |  11351 |  10234 |   1117 |     57 |   8722 |  11 | 1031.9 |
        Temple |     38 |      2 |     36 |      0 |      0 |   1 |   38.0 |
       Ossuary |    517 |    517 |      0 |      0 |    455 |   1 |  517.0 |
      Gauntlet |    767 |    767 |      0 |      0 |    348 |   1 |  767.0 |
               +--------+--------+--------+--------+--------+-----+--------+

Top non-repeatable levels by time:
     D:5: 1545 daAuts
     D:8: 1480 daAuts
     D:6: 1193 daAuts
     D:9: 1131 daAuts
     D:7: 1125 daAuts
     D:3: 1101 daAuts
    D:10: 1016 daAuts
     D:1: 971 daAuts
     D:4: 836 daAuts
     D:2: 828 daAuts
Gauntlet: 767 daAuts
 Ossuary: 517 daAuts
    D:11: 121 daAuts
  Temple: 38 daAuts

Table legend:
 A = Kills in this place as a percentage of kills in the entire game.
 B = Kills by you in this place as a percentage of kills by you in the entire game.
 C = Kills by friends in this place as a percentage of kills by friends in the entire game.
 D = Other kills in this place as a percentage of other kills in the entire game.
 E = Experience gained in this place as a percentage of experience gained in the entire game.
 F = Experience gained in this place divided by the number of levels of this place that you have seen.
                   A       B       C       D       E      F
               +-------+-------+-------+-------+-------+----------------------
         Total | 100.0 | 100.0 |   N/A | 100.0 | 100.0 | 1148.4
       Dungeon |  84.5 |  84.5 |   N/A | 100.0 |  78.5 | 1148.1
       Ossuary |  11.1 |  11.2 |   N/A |   0.0 |   2.7 | 429.0
      Gauntlet |   4.4 |   4.4 |   N/A |   0.0 |  18.8 | 3020.0
               +-------+-------+-------+-------+-------+----------------------
